 Dungeon Sprint DCSS version 0.16-a0-3807-g3748f16 (console) character file.

4547 mauris the Cleaver (level 10, -3/111 HPs)
             Began as a Deep Dwarf Fighter on Jan 28, 2015.
             Was the Champion of Makhleb.
             Slain by a 12-headed hydra (12 damage)
             ... while paralysed by a giant eyeball
             ... in the Dungeon (Sprint I: "Red Sonja").
             The game lasted 00:05:54 (611 turns).

mauris the Cleaver (Deep Dwarf Fighter)              Turns: 611, Time: 00:05:54

Health: -3/111     AC:  6    Str: 19    XL:     10   Next: 17%
Magic:  17/17      EV:  2    Int: 10    God:    Makhleb [******]
Gold:   519        SH:  0    Dex: 15    Spells: 0 memorised, 9 levels left

rFire  . . .     SeeInvis .     a - +0 war axe
rCold  . . .     Clarity  .     b - +0 scale mail
rNeg   . . .     SustAb   .     c - +0 shield
rPois  .         Gourm    .     (no helmet)
rElec  .         Spirit   .     (no cloak)
rCorr  .         Warding  .     (no gloves)
rMut   .         NoTele   +     (no boots)
MR     +....                    (no amulet)
Stlth  ..........               (no ring)
                                (no ring)

@: paralysed, non-regenerating, somewhat resistant to hostile enchantments,
extremely unstealthy
A: damage resistance, recharge devices, sense surroundings 2, slow healing 3
a: Device Recharging, Minor Destruction, Lesser Servant of Makhleb, Major
Destruction, Greater Servant of Makhleb, Renounce Religion


You were in the Dungeon.
You worshipped Makhleb.
Makhleb was exalted by your worship.
You were not hungry.

You visited 1 branch You collected 519 gold pieces.

Inventory:

Hand weapons
 a - a +0 war axe (weapon)
Armour
 b - a +0 scale mail (worn)
 c - a +0 shield (worn)
Magical devices
 d - a wand of heal wounds (4) {@v2}
 o - a wand of fireball (4)
Scrolls
 l - a scroll of blinking
Potions
 e - a potion of might
 g - 2 potions of curing {@q1}
 h - a potion of heal wounds {@q2}
 j - 2 potions of magic
 m - a potion of mutation {unknown}
Comestibles
 f - a bread ration
 i - 19 chunks of flesh


   Skills:
 - Level 13.9 Fighting
 - Level 14.2 Axes
 - Level 3.2 Armour
 + Level 11.2 Dodging
 - Level 3.2 Shields
 - Level 11.5 Evocations


You had 9 spell levels left.
You didn't know any spells.

Dungeon Overview and Level Annotations

Branches:
Dungeon (1/1)

Altars:
Cheibriados
Dithmenos
Elyvilon
Fedhas
Gozag
Kikubaaqudgha
Makhleb
Nemelex Xobeh
Okawaru
Qazlal
Ru
Sif Muna
Trog
Vehumet
Xom
Yredelemnul
Zin
The Shining One
Jiyva

Shops:
D =

Annotations:
D exclusion: daeva


Innate Abilities, Weirdness & Mutations

You are resistant to damage.
You can recharge devices by infusing magical energy.
You passively map the area around you.
You do not heal naturally.


Message History

The 12-headed hydra bites you but does no damage. x2
The 12-headed hydra bites you. The 12-headed hydra barely misses you.
The 12-headed hydra closely misses you.
Found 54 gold pieces.
Damage: -17%(-19hp) hp: 83%(92hp) Use which ability? (? or * to list)
A demon appears!
You feel slightly more hungry. The giant eyeball gazes at you.
You suddenly lose the ability to move!
The 12-headed hydra bites you! The 12-headed hydra bites you!
The 12-headed hydra bites you but does no damage.
The 12-headed hydra bites you! The 12-headed hydra bites you.
The 12-headed hydra bites you! x4
* * * LOW HITPOINT WARNING * * *
The 12-headed hydra bites you. x2
* * * LOW HITPOINT WARNING * * *
The 12-headed hydra bites you!
* * * LOW HITPOINT WARNING * * *
The 12-headed hydra bites you. The 12-headed hydra bites you!
You die...

#####################
..#(.#.0..%0..00qDG$#
, ,,,
..##'#0####..003##$.+,
,, , ..%.0#0# ##000##
## ,, ###0.00# ###'#,
,,* , , *#'#### ,, #0#
,*, * , , ,#0..
#.0###$# , * #...0
##.#A#$#,, +###000 ,,
.###$# ~ ,*00.#
,##..$# , ,,


You could see a 12-headed hydra, a giant eyeball and a friendly ynoxinul.

Vanquished Creatures
  A lindwurm (D)
  A gargoyle (D)
  2 kobold demonologists (D)
  4 demonic crawlers (D)
  A slime creature (D)
  A yak (D)
  13 hogs (D)
  A chaos spawn (D)
  An ogre (D)
  Sigmund (D)
  A jelly (D)
  An iron imp (D)
  Ijyb (D)
  A shadow imp (D)
  A white imp (D)
  A giant eyeball (D)
  An ufetubus (D)
33 creatures vanquished.

Notes
Turn   | Place    | Note
--------------------------------------------------------------
     0 | D        | mauris, the Deep Dwarf Fighter, began the quest for the Orb.
     0 | D        | Reached XP level 1. HP: 20/20 MP: 1/1
     2 | D        | Noticed Ijyb
    15 | D        | Killed Ijyb
    15 | D        | Reached skill level 5 in Axes
    15 | D        | Reached XP level 2. HP: 27/27 MP: 2/2
    19 | D        | Noticed an ogre
    24 | D        | Huge Dmg: 9 Dmg
    25 | D        | Huge Dmg: 13 Dmg
    30 | D        | Huge Dmg: 8 Dmg
    30 | D        | Killed an ogre
    30 | D        | Reached skill level 9 in Axes
    30 | D        | Reached XP level 3. HP: 23/33 MP: 3/3
    30 | D        | Reached XP level 4. HP: 27/40 MP: 4/4
    38 | D        | Noticed Sigmund
    54 | D        | Killed Sigmund
    54 | D        | Reached skill level 11 in Axes
    54 | D        | Reached XP level 5. HP: 25/46 MP: 5/5
    69 | D        | Found a deep blue altar of Sif Muna.
    70 | D        | Noticed a jelly
    71 | D        | Found a radiant altar of Vehumet.
    73 | D        | Killed a jelly
    73 | D        | Reached skill level 12 in Axes
    97 | D        | Found Grycu's Jewellery Emporium.
    97 | D        | Found a white marble altar of Elyvilon.
    97 | D        | Found a stormy altar of Qazlal.
    97 | D        | Found a basalt altar of Yredelemnul.
    97 | D        | Found an iron altar of Okawaru.
    97 | D        | Found a sparkling altar of Nemelex Xobeh.
    97 | D        | Found a shimmering altar of Xom.
    97 | D        | Found an ancient bone altar of Kikubaaqudgha.
    97 | D        | Noticed a yak
   106 | D        | Huge Dmg: 8 Dmg
   109 | D        | Killed a yak
   109 | D        | Reached skill level 14 in Axes
   109 | D        | Reached XP level 6. HP: 22/55 MP: 6/6
   110 | D        | Found a burning altar of Makhleb.
   110 | D        | Found a sacrificial altar of Ru.
   110 | D        | Found a glowing golden altar of the Shining One.
   110 | D        | Found an opulent altar of Gozag.
   110 | D        | Found a glowing silver altar of Zin.
   112 | D        | Found a bloodstained altar of Trog.
   117 | D        | Became a worshipper of Makhleb the Destroyer
   129 | D        | Noticed a centaur warrior
   134 | D        | Found a snail-covered altar of Cheibriados.
   134 | D        | Found a viscous altar of Jiyva.
   134 | D        | Found a shadowy altar of Dithmenos.
   134 | D        | Found a blossoming altar of Fedhas.
   134 | D        | Noticed a slime creature
   139 | D        | Huge Dmg: 14 Dmg
   146 | D        | Huge Dmg: 14 Dmg
   148 | D        | Huge Dmg: 8 Dmg
   152 | D        | Huge Dmg: 11 Dmg
   154 | D        | Killed a slime creature
   154 | D        | Reached XP level 7. HP: 35/70 MP: 6/6
   172 | D        | Noticed a kobold demonologist
   172 | D        | Paralysed by a giant eyeball for 3 turns
   173 | D        | Noticed a kobold demonologist
   180 | D        | Paralysed by a giant eyeball for 3 turns
   186 | D        | Noticed a blue devil
   186 | D        | Acquired Makhleb's first power
   190 | D        | Noticed a blue devil
   193 | D        | Killed a kobold demonologist
   198 | D        | Huge Dmg: 32 Dmg
   200 | D        | Killed a kobold demonologist
   200 | D        | Acquired Makhleb's second power
   200 | D        | Reached skill level 10 in Fighting
   200 | D        | Reached XP level 8. HP: 67/88 MP: 7/7
   229 | D        | Noticed a demonic crawler
   229 | D        | Noticed a demonic crawler
   229 | D        | Noticed a demonic crawler
   229 | D        | Noticed a demonic crawler
   249 | D        | Killed a demonic crawler
   267 | D        | Killed a demonic crawler
   290 | D        | Killed a demonic crawler
   305 | D        | Huge Dmg: 11 Dmg
   315 | D        | Huge Dmg: 13 Dmg
   319 | D        | Huge Dmg: 15 Dmg
   320 | D        | Huge Dmg: 6 Dmg
   326 | D        | Huge Dmg: 11 Dmg
   330 | D        | Killed a demonic crawler
   330 | D        | Acquired Makhleb's third power
   330 | D        | Gained mutation: You passively map the area around you. [level up]
   330 | D        | Reached XP level 9. HP: 28/103 MP: 5/5
   345 | D        | Noticed a gargoyle
   364 | D        | Killed a gargoyle
   451 | D        | Noticed a lindwurm
   463 | D        | Killed a lindwurm
   486 | D        | Noticed a hog
   486 | D        | Noticed a hog
   486 | D        | Noticed a hog
   486 | D        | Noticed a hog
   486 | D        | Noticed a hog
   486 | D        | Noticed a hog
   486 | D        | Noticed a hog
   486 | D        | Noticed a hog
   488 | D        | Noticed a hog
   488 | D        | Noticed a hog
   488 | D        | Killed a hog
   490 | D        | Noticed a hog
   499 | D        | Killed a hog
   499 | D        | Acquired Makhleb's fourth power
   505 | D        | Killed a hog
   505 | D        | Reached skill level 5 in Dodging
   514 | D        | Noticed a hog
   516 | D        | Killed a hog
   519 | D        | Killed a hog
   521 | D        | Killed a hog
   521 | D        | Acquired Makhleb's fifth power
   528 | D        | Killed a hog
   536 | D        | Killed a hog
   536 | D        | Reached XP level 10. HP: 107/111 MP: 17/17
   548 | D        | Killed a hog
   557 | D        | Killed a hog
   566 | D        | Noticed a hog
   577 | D        | Killed a hog
   577 | D        | Reached skill level 10 in Dodging
   580 | D        | Killed a hog
   589 | D        | Killed a hog
   604 | D        | Noticed a daeva
   609 | D        | Noticed a 12-headed hydra
   610 | D        | Paralysed by a giant eyeball for 4 turns
   611 | D        | Slain by a 12-headed hydra

Action                   |  1- 3 |  4- 6 |  7- 9 | 10-12 || total
-------------------------+-------+-------+-------+-------++-------
Melee: War axe           |    22 |    44 |   175 |    40 ||   281
Invok: Lesser Servant of |       |       |       |     1 ||     1
 Abil: Device Recharging |       |     1 |     6 |       ||     7
Evoke: Wand              |     1 |     5 |    20 |     2 ||    28
  Use: Potion            |       |       |     2 |       ||     2
  Eat: Chunk             |       |       |       |     1 ||     1

Vault maps used:
D:        dungeon_sprint_1
